 Dungeon Crawl Stone Soup version 0.25.1-2-g60ff931df9 (webtiles) character file.

Game seed: 8184276113004791629

16 DoubleLucky the Gusty (level 2, 0/23 HPs)
             Began as a Draconian Air Elementalist on Sept 28, 2020.
             Slain by a jackal (1 damage)
             ... on level 2 of the Dungeon.
             The game lasted 00:04:28 (1426 turns).

DoubleLucky the Gusty (Draconian Air Elementalist)  Turns: 1426, Time: 00:04:29

Health: 0/23       AC:  4    Str: 10    XL:     2   Next: 41%
Magic:  1/5        EV: 12    Int: 15    God:
Gold:   35         SH:  0    Dex: 11    Spells: 4/5 levels left

rFire    . . .     SeeInvis .   g - +0 club
rCold    . . .     Gourm    .   (no shield)
rNeg     . . .     Faith    .   (armour unavailable)
rPois    .         Spirit   .   (helmet restricted)
rElec    .         Reflect  .   (no cloak)
rCorr    .         Harm     .   (no gloves)
MR       .....                  (no boots)
Stlth    ++........             (no amulet)
HPRegen  0.07/turn              (no ring)
MPRegen  0.09/turn              (no ring)

@: about to teleport
A: unfitting armour, cold-blooded, AC +4
a: no special abilities


You were on level 2 of the Dungeon.
You were not hungry.

You visited 1 branch of the dungeon, and saw 2 of its levels.

You collected 35 gold pieces.

Inventory:

Hand Weapons
 g - a +0 club (weapon)
Missiles
 c - 46 stones (quivered)
Armour
 i - a +0 buckler
Potions
 a - a potion of flight {unknown}
 d - a potion of curing {unknown}
 e - 2 potions of haste {unknown}
 h - a potion of degeneration {unknown}
Comestibles
 b - a ration


   Skills:
 * Level 1.2 Fighting
 - Level 1.7 Dodging
 - Level 1.7 Stealth
 + Level 2.1 Spellcasting
 + Level 1.2 Conjurations
 * Level 3.3 Air Magic


You had 4 spell levels left.
You knew the following spells:

 Your Spells              Type           Power        Failure   Level  Hunger
a - Shock                 Conj/Air       #...         9%          1    #......

Your spell library contained the following spells:

 Spells                   Type           Power        Failure   Level  Hunger
 Swiftness                Chrm/Air       #.......     17%         2    ###....
 Static Discharge         Conj/Air       #.......     26%         3    ###....
 Airstrike                Air            ##........   50%         4    #####..
 Lightning Bolt           Conj/Air       #.........   94%         5    ######.


Dungeon Overview and Level Annotations

Branches:
Dungeon (2/15)

Altars:


Innate Abilities, Weirdness & Mutations

Your plain brown scales are hard. (AC +4)
You cannot fit into any form of body armour.
You are cold-blooded and may be slowed by cold attacks.


Message History

* * * LOW HITPOINT WARNING * * *
The jackal bites you.
* * * LOW HITPOINT WARNING * * *
The jackal misses you. The rat closely misses you.
As you read the scroll labeled GAIRUA UCLEID, it crumbles to dust.
You feel strangely unstable.
It was a scroll of teleportation.
The jackal bites you but does no damage. x2
The rat barely misses you. The jackal barely misses you. The jackal bites you.
* * * LOW HITPOINT WARNING * * *
Casting: Shock (safe; 9% risk of failure)
Confirm with . or Enter, or press ? or * to list all spells.
Aiming: Shock (safe; 9% risk of failure)
Press: ? - help, Shift-Dir - straight line That beam is likely to hit you.
Continue anyway? [Y]es or [N]o only, please.
That beam is likely to hit you.
Continue anyway?
Okay, then.
The jackal bites you but does no damage.
The jackal bites you.
You die...

#........# .
#........# ..
###....<.$..
..##.^.......
ooo#......
#oo##..###
#rh#....#########..
#@hr......$.......
###.#.#....####.#
#.#.#...†.#
..#<..###.#
#.##..## #.#
........ #..
...##.##.#.... ..##
#.# ....... # #.#
..###?#


You could see an orc priest, 4 orcs, 2 jackals and 2 rats.

Vanquished Creatures
  A worm (D:2)
  A leopard gecko (D:1)
  A hobgoblin (D:1)
  2 jackals (D:2)
  2 ball pythons (D:1)
  2 frilled lizards (D:1)
  2 kobolds
  3 rats
14 creatures vanquished.

Notes
Turn   | Place    | Note
-------+----------+-------------------------------------------
     0 | D:1      | DoubleLucky the Draconian Air Elementalist began the quest
                  | for the Orb.
     0 | D:1      | Reached XP level 1. HP: 14/14 MP: 3/3
  1131 | D:1      | Reached skill level 1 in Fighting
  1131 | D:1      | Reached XP level 2. HP: 23/23 MP: 3/5
  1425 | D:2      | HP: 1/23 [jackal (1)]
  1426 | D:2      | Slain by a jackal

Illustrated notes

Levels and vault maps discovered:
D:1:      wander_arrival_chamber, layout_loops_corners
D:2:      layout_rooms, minmay_misc_feat_hallway

Skill      XL: |  1 |
---------------+----+-----
Fighting       | 1 |  1.2
Dodging        | |  1.7
Stealth        | |  1.7
Spellcasting   | |  2.1
Conjurations   | |  1.2
Air Magic      | |  3.3

Action                   || total
-------------------------++-------
Melee: Unarmed           ||    20
       Tailslap          ||     7
       Club              ||    21
Throw: Stone             ||     1
 Cast: Shock             ||    28
  Use: Scroll            ||     1
  Eat: Chunk             ||     2
Armor: Skin              ||    28
Dodge: Dodged            ||    62
